 Dungeon Crawl Stone Soup version 0.17-a0-910-ga669010 (webtiles) character file.

4913 laxity the Thaumaturge (level 10, -6/56 HPs)
             Began as a Deep Elf Fire Elementalist on May 2, 2015.
             Was a High Priest of Vehumet.
             Mangled by a boulder beetle (16 damage)
             ... on level 9 of the Dungeon.
             The game lasted 00:36:10 (12096 turns).

laxity the Thaumaturge (DEFE)                      Turns: 12096, Time: 00:36:10

Health: -6/56      AC:  7    Str: 10    XL:     10   Next: 27%
Magic:  21/35      EV: 13    Int: 24    God:    Vehumet [*****.]
Gold:   512        SH:  0    Dex: 15    Spells: 6 memorised, 10 levels left

rFire  . . .     SeeInvis +     (no weapon)
rCold  . . .     Clarity  .     a - +1 robe
rNeg   . . .     SustAb   .     (no shield)
rPois  .         Gourm    .     v - +0 helmet {SInv}
rElec  .         Spirit   .     (no cloak)
rCorr  .         Warding  .     i - +2 pair of gloves
rMut   .         Stasis   .     (no boots)
MR     +....                    (no amulet)
Stlth  ++........               z - ring of magical power
                                l - +5 ring of strength

@: somewhat resistant to hostile enchantments, unstealthy
A: no striking features
a: Renounce Religion


You were on level 9 of the Dungeon.
You worshipped Vehumet.
Vehumet was extremely pleased with you.
You were not hungry.

You visited 1 branch of the dungeon, and saw 9 of its levels.

You collected 654 gold pieces.
You spent 142 gold pieces at shops.

Inventory:

Armour
 a - a +1 robe (worn)
 i - a +2 pair of gloves (worn)
 p - a cursed +0 cloak
 v - a +0 helmet of see invisible (worn)
Magical staves
 t - an uncursed staff of cold
Jewellery
 l - a +5 ring of strength (left hand)
 q - an uncursed ring of see invisible
 y - the ring of the Komodo Dragon {+/*Tele rElec rN++}
   (You found it on level 5 of the Dungeon)

   [ring of teleportation]

   It may teleport you to nearby monsters, and can be evoked to randomly
   teleport.
   It insulates you from electricity.
   It greatly protects you from negative energy.
 z - a ring of magical power (right hand)
 J - an uncursed ring of protection from cold
Magical devices
 e - a wand of polymorph (5)
 E - a wand of fire (9)
 L - a wand of paralysis (11)
Scrolls
 h - a scroll of enchant armour
 j - 4 scrolls of amnesia
 u - a scroll of recharging
 A - 2 scrolls of magic mapping
 I - a scroll of enchant weapon
 K - 3 scrolls of remove curse
Potions
 d - a potion of beneficial mutation {unknown}
 f - 2 potions of might
 m - 2 potions of heal wounds {unknown}
 n - 2 potions of flight {unknown}
 o - 4 potions of curing {unknown}
 r - 2 potions of poison
 s - a potion of magic
 w - 2 potions of brilliance {unknown}
 C - a potion of agility
 D - a potion of invisibility
Books
 b - a book of Flames

   Spells                             Type                      Level
   a - Flame Tongue                   Conjuration/Fire             1
   b - Throw Flame                    Conjuration/Fire             2
   c - Conjure Flame                  Conjuration/Fire             3
   d - Inner Flame                    Hexes/Fire                   3
   e - Sticky Flame                   Conjuration/Fire             4
   f - Fireball                       Conjuration/Fire             5
 B - a book of Death

   Spells                             Type                      Level
   a - Corpse Rot                     Necromancy                   2
   b - Sublimation of Blood           Necromancy                   2
   c - Agony                          Necromancy                   5
   d - Dispel Undead                  Necromancy                   5
   e - Excruciating Wounds            Charms/Necromancy            5
   f - Bolt of Draining               Conjuration/Necromancy       5
 F - a book of Enchantments

   Spells                             Type                      Level
   a - Cause Fear                     Hexes                        4
   b - Silence                        Hexes/Air                    5
   c - Deflect Missiles               Charms/Air                   6
   d - Haste                          Charms                       6
   e - Discord                        Hexes                        8
 G - a book of Necromancy

   Spells                             Type                      Level
   a - Pain                           Necromancy                   1
   b - Animate Skeleton               Necromancy                   1
   c - Vampiric Draining              Necromancy                   3
   d - Regeneration                   Charms/Necromancy            3
   e - Animate Dead                   Necromancy                   4
   f - Control Undead                 Necromancy                   4
Comestibles
 c - 5 bread rations
 g - 5 meat rations
 k - 2 beef jerkies
 x - 2 fruits
 H - 5 chunks of flesh


   Skills:
 - Level 3.3 Fighting
 - Level 3.3 Staves
 - Level 2.4 Dodging
 - Level 2.4 Stealth
 - Level 10.0 Spellcasting
 + Level 9.1 Conjurations
 + Level 9.4 Fire Magic
 - Level 3.1 Air Magic


You had 10 spell levels left.
You knew the following spells:

 Your Spells              Type           Power        Failure   Level  Hunger
a - Flame Tongue          Conj/Fire      #####        1%          1    None
b - Throw Flame           Conj/Fire      ######       1%          2    None
c - Conjure Flame         Conj/Fire      ######..     1%          3    None
d - Sticky Flame          Conj/Fire      ######..     1%          4    #......
e - Fireball              Conj/Fire      ######....   1%          5    ####...
f - Airstrike             Air            ####......   4%          4    #......


Dungeon Overview and Level Annotations

Branches:
Dungeon (9/15)             Temple (0/1) D:6
   Lair: D:8-11         Orc: D:9-12

Altars:
Elyvilon
Fedhas
Makhleb
Nemelex Xobeh
Okawaru
Ru
Trog
Vehumet
Xom
Yredelemnul
Zin

Shops:
D:5 [


Message History

Casting: Flame Tongue
Confirm with . or Enter, or press ? or * to list all spells.
Aiming: Conjure Flame
Press: ? - help, Dir - move target cursor, p - boulder beetle The fire roars!
Casting: Conjure Flame
Confirm with . or Enter, or press ? or * to list all spells.
Aiming: Sticky Flame
Press: ? - help, Shift-Dir - straight line, f - boulder beetle
Aim: a boulder beetle (flame, lightly wounded, rolling)
The sticky flame hits the boulder beetle.
The boulder beetle is lightly wounded.
The boulder beetle is covered in liquid flames!
The boulder beetle burns!
The boulder beetle smashes into you!
Ouch! That really hurt!
* * * LOW HITPOINT WARNING * * *
The boulder beetle stops rolling.
The boulder beetle is engulfed in roaring flames.
The boulder beetle bites you!
You die...

#.# ##....#..# #.#
.......#+.# #.#
.............#
#.##.............#
#.##.............#
#.#+..............
#.##.............#
...
#.#...#+####'#...#
+.....
#@#...#......'...#
. #.....
#B#...+......#...#
....##+#.....
#§#...##+###+#...#
............#
#§#..............#
............#
###...............
............+
#................[
............#
+..........)......
...........<#
#.................
............#
#............(....


You could see a boulder beetle (burning).

Vanquished Creatures
  The ghost of Lokkij the Zephyrmancer, an experienced TeAE of Okawaru (D:7)
  2 hungry ghosts
  A hippogriff (D:7)
  An ice beast (D:6)
  A sky beast (D:5)
  A necrophage (D:7)
  An orc warrior (D:8)
  A black bear (D:8)
  6 ogres
  7 big kobolds
  A crocodile (D:9)
  6 centaurs
  4 giant frogs
  4 killer bees (D:7)
  A scorpion (D:8)
  4 electric eels (D:6)
  3 crimson imps
  A centaur skeleton (D:8)
  A centaur zombie (D:7)
  4 jellies
  A giant frog skeleton (D:5)
  5 hounds
  2 orc priests
  A gnoll shaman (D:3)
  8 worker ants
  4 orc wizards
  2 hound zombies (D:6)
  3 worker ant zombies
  15 gnolls
  14 adders
  3 shadow imps
  An ooze (D:4)
  An adder skeleton (D:9)
  6 worms
  3 giant geckos (D:3)
  22 orcs
  11 bats
  A bat zombie (D:6)
  9 giant cockroaches
  18 goblins
  14 hobgoblins
  15 jackals
  5 quokkas
  3 ball pythons
  A giant cockroach zombie (D:5)
  8 giant newts
  3 giant spores (D:8)
  59 kobolds
  17 rats
  9 ballistomycetes (D:8)
315 creatures vanquished.

Notes
Turn   | Place    | Note
--------------------------------------------------------------
     0 | D:1      | laxity, the Deep Elf Fire Elementalist, began the quest for the Orb.
     0 | D:1      | Reached XP level 1. HP: 10/10 MP: 6/6
   216 | D:1      | Reached XP level 2. HP: 13/15 MP: 5/8
   220 | D:1      | Learned a level 2 spell: Throw Flame
  1050 | D:2      | Reached XP level 3. HP: 8/19 MP: 8/10
  1316 | D:2      | Learned a level 3 spell: Conjure Flame
  1800 | D:2      | Reached skill level 4 in Fire Magic
  2423 | D:3      | Found a radiant altar of Vehumet.
  2437 | D:3      | Became a worshipper of Vehumet
  2443 | D:3      | Reached XP level 4. HP: 24/24 MP: 10/12
  2593 | D:3      | Found an iron altar of Okawaru.
  2772 | D:3      | Acquired Vehumet's first power
  2772 | D:3      | Offered knowledge of Sting by Vehumet.
  2773 | D:3      | Reached XP level 5. HP: 28/28 MP: 6/13
  3207 | D:3      | Learned a level 4 spell: Sticky Flame
  3208 | D:3      | Found a sparkling altar of Nemelex Xobeh.
  3261 | D:3      | Reached skill level 5 in Spellcasting
  3817 | D:4      | Reached skill level 5 in Fire Magic
  3826 | D:4      | Reached XP level 6. HP: 22/32 MP: 7/15
  3836 | D:4      | Offered knowledge of Throw Frost by Vehumet.
  4532 | D:5      | Entered Level 5 of the Dungeon
  4768 | D:5      | Reached skill level 6 in Spellcasting
  4861 | D:5      | Learned a level 5 spell: Fireball
  4871 | D:5      | Reached skill level 5 in Conjurations
  4871 | D:5      | Reached XP level 7. HP: 3/36 MP: 11/18
  5536 | D:5      | Reached skill level 7 in Spellcasting
  5653 | D:5      | Got a twitching pewter ring
  5698 | D:5      | Identified the ring of the Komodo Dragon {+/*Tele rElec rN++} (You found it on level 5 of the Dungeon)
  5809 | D:5      | Found Jicuag's Armour Shoppe.
  5823 | D:5      | Bought a cursed +0 cloak for 16 gold pieces
  5823 | D:5      | Bought a +0 helmet of see invisible for 126 gold pieces
  5974 | D:5      | Found a bloodstained altar of Trog.
  6212 | D:6      | Offered knowledge of Dazzling Spray by Vehumet.
  6223 | D:6      | Found a staircase to the Ecumenical Temple.
  6266 | D:6      | Noticed an angel
  6267 | D:6      | Found a glowing silver altar of Zin.
  6270 | D:6      | Reached XP level 8. HP: 35/41 MP: 17/21
  6272 | D:6      | Found a shimmering altar of Xom.
  7104 | D:7      | Acquired Vehumet's second power
  7599 | D:6      | Reached skill level 1 in Fighting
  8228 | D:6      | Offered knowledge of Airstrike by Vehumet.
  8234 | D:6      | Learned a level 4 spell: Airstrike
  8321 | D:6      | Reached skill level 8 in Spellcasting
  8321 | D:6      | Reached XP level 9. HP: 51/51 MP: 19/23
  8415 | D:6      | Acquired Vehumet's third power
  8655 | D:6      | Offered knowledge of Throw Icicle by Vehumet.
  9615 | D:7      | Noticed Lokkij's ghost (experienced TeAE)
  9625 | D:7      | Killed Lokkij's ghost
  9625 | D:7      | Reached skill level 9 in Spellcasting
 10451 | D:7      | Reached skill level 10 in Spellcasting
 10455 | D:7      | Reached skill level 1 in Air Magic
 10771 | D:8      | Reached XP level 10. HP: 7/56 MP: 18/26
 11526 | D:8      | Offered knowledge of Bolt of Cold by Vehumet.
 11814 | D:9      | Found a white marble altar of Elyvilon.
 11814 | D:9      | Found a basalt altar of Yredelemnul.
 11909 | D:9      | Found a sacrificial altar of Ru.
 12076 | D:9      | Found a blossoming altar of Fedhas.
 12076 | D:9      | Found a burning altar of Makhleb.
 12096 | D:9      | Mangled by a boulder beetle

Action                   |  1- 3 |  4- 6 |  7- 9 | 10-12 || total
-------------------------+-------+-------+-------+-------++-------
Melee: Unarmed           |    13 |       |     4 |    30 ||    47
       Staff             |       |    17 |    62 |    66 ||   145
 Cast: Flame Tongue      |   102 |   122 |   314 |    83 ||   621
       Throw Flame       |       |    12 |    79 |    24 ||   115
       Sticky Flame      |       |     1 |     9 |     7 ||    17
       Conjure Flame     |       |       |     3 |     2 ||     5
       Fireball          |       |       |     3 |     4 ||     7
       Airstrike         |       |       |     3 |     1 ||     4
  Use: Scroll            |       |     3 |    14 |     2 ||    19
  Eat: Chunk             |     4 |     7 |    19 |     6 ||    36
       Fruit             |       |       |     2 |       ||     2
